[Event "EU-ch 12th"]
[Site "Aix les Bains"]
[Date "2011.03.25"]
[Round "4"]
[White "Feller, Sebastien"]
[Black "Jansa, Vlastimil"]
[Result "1-0"]
[ECO "D90"]
[WhiteElo "2657"]
[BlackElo "2513"]
[Annotator "Avrukh,B"]
[PlyCount "69"]
[EventDate "2011.03.22"]
[EventType "swiss"]
[EventRounds "11"]
[EventCountry "FRA"]
[SourceTitle "CBM 142 Extra"]
[Source "ChessBase"]
[SourceDate "2011.06.27"]
[SourceVersion "1"]
[SourceVersionDate "2011.06.27"]
[SourceQuality "1"]
[TimeControl "40/5400+30:1800+30"]

1. d4 Nf6 2. c4 g6 3. Nc3 d5 4. Nf3 Bg7 5. Qa4+ Bd7 6. Qb3 dxc4 7. Qxc4 O-O 8.
Bf4 Na6 9. e4 c5 10. e5 Nh5 11. Be3 cxd4 12. Qxd4 Bc6 {'The main continuation
in this line, which has been always considered pretty harmless for Black, but
in the present encounter Feller came up with a new idea, which seems to me
quite problematic for Black.'} 13. Be2 Qc7 {Avrukh,B: 'For alternatives'} (
13... Bxf3 {'see examples in my survey.'} 14. Bxf3 Qxd4 15. Bxd4 Nb4 16. O-O-O
Nf4 17. Kb1 Ne6 18. Be3 Bxe5 19. Rd7 Nc6 20. Rhd1 Rab8 21. Na4 Rfc8 22. Rc1
Ned4) (13... Qa5 {(Avrukh,B) and}) 14. O-O $146 {A very simple novelty.'} ({
Before White played only} 14. Qh4 Bxe5 15. Nxe5 Qxe5 16. O-O-O (16. O-O {
would be stronger, but here too Black is absolutely fine after} Ng7 17. Bf4 {
and now even} Nf5 ({Certainly} 17... Qd4 $5 18. Rad1 Qb4 {comes into
consideration}) 18. Qxh7+ Kxh7 19. Bxe5 f6 20. Bf4 e5 $11) 16... Nc7 (16... Ng7
$1 $146 {A clear improvement over 16...Nc7.} 17. Bf4 Qe6 (17... Nf5 18. Qxh7+
Kxh7 19. Bxe5 f6 $15) 18. Bg4 Nf5 $17) 17. Rhe1 Ne6 18. Bxh5 Qxh5 19. Qxh5 gxh5
20. Nd5 {'©'} Rfe8 21. Bh6 Kh8 22. Bd2 Rac8 ({RR} 22... Kg7) 23. Bc3+ Kg8 24.
Re5 Bxd5 25. Rexd5 Red8 26. Rxh5 f6 27. Rxd8+ Rxd8 28. Rh4 Rd7 {Grigoriants,S 
(2553)-Esen,B (2287)/Warsaw 2005/CBM 108/1-0 (62)}) 14... Bxf3 ({Another
critical line is} 14... Rfd8 15. Qh4 (15. Qc4 Bxf3 16. Qxc7 Nxc7 17. Bxf3 Bxe5
18. Rad1 Nf4 $11) 15... Bxe5 16. Nxe5 Qxe5 17. Rfe1 $44) 15. Bxf3 Bxe5 16. Qe4
$44 Nc5 (16... Bxh2+ 17. Kh1 Bd6 18. g4 Nf6 19.
Qxb7 Qc4 $13 ) (16... Bxc3 {runs into} 17. Rac1 (17. bxc3
Nc5 18. Qb4 Rac8 19. Bxh5 gxh5 20. Rad1 $14) 17... Nf6 18. Qh4 Nb4 19. Rxc3 Nc6
20. b4 {with nice compensation.}) 17. Qb4 $1 Nd3 18. Qb3 Bxc3 (18... Nxb2 {
Avrukh,B} 19. Nd5 Qd7 20. Bh6 $1 $14) ({Probably the best for Black would be} 
18... Nc5 {Avrukh,B} 19. Qa3 $5 Bxh2+ 20. Kh1 Bd6 21. Nd5 Qc8 22. Rfd1 $44) 19.
Qxc3 Qxc3 20. bxc3 Rac8 21. Bxa7 $1 Rxc3 22. a4 $6 ({The most dangerous for Black would be} 22. Rfb1 $142 $1 $14 {
Avrukh,B}) 22... Rd8 $2 (22... Ra8 23. Bb6 Nc5 24. Bxc5 Rxc5 25. Bxb7 Ra7 {
was an easy draw.}) 23. Rfb1 $1 $16 {'Now the endgame is difficult for Black,
as it's very hard for him to stop White's a-pawn.'} Nhf4 24. a5 e5 25. Be3 (25.
Rxb7 ) 25... Nc5 (25... Nd5 26. Bxd5 (26. Rxb7 Nxe3) 26... Rxd5 27.
Rxb7 Nc5) 26. Bxc5 Rxc5 27. Bxb7 Ne2+ 28. Kf1 Nc3 29. Rc1 Rc7 30. a6 $18 Nb5 31. Rxc7 Nxc7 32. a7 Na8 33. Ke2 Kg7 34. Bxa8 Rxa8 35. Kd3 1-0

[Event "EU-ch 12th"]
[Site "Aix les Bains"]
[Date "2011.03.23"]
[Round "2"]
[White "Zhukova, Natalia"]
[Black "Mikhalevski, Victor"]
[Result "0-1"]
[ECO "D90"]
[WhiteElo "2443"]
[BlackElo "2584"]
[Annotator "Avrukh,B/Primel,D"]
[PlyCount "124"]
[EventDate "2011.03.22"]
[EventType "swiss"]
[EventRounds "11"]
[EventCountry "FRA"]
[SourceTitle "CBM 142 Extra"]
[Source "ChessBase"]
[SourceDate "2011.06.27"]
[SourceVersion "1"]
[SourceVersionDate "2011.06.27"]
[SourceQuality "1"]
[TimeControl "40/5400+30:1800+30"]

1. d4 Nf6 2. c4 g6 3. Nc3 d5 4. Nf3 Bg7 5. Qa4+ Bd7 6. Qb3 dxc4 7. Qxc4 O-O 8.
Bf4 Na6 9. e4 c5 10. e5 Nh5 11. Be3 cxd4 12. Qxd4 Bc6 13. Be2 Qa5 14. O-O Rfd8
$6 $146 {This natural move appears to be a serious inaccuracy.} (14... Bxf3 15.
Bxf3 Bxe5 16. Qd5 Qxd5 17. Nxd5 Rfe8 18. Rac1 e6 19. Nc3 Re7 20. a3 Bf4 21.
Bxh5 Bxe3 22. fxe3 gxh5 23. Ne4 Nc7 24. Nf6+ Kh8 25. Nxh5 Ne8 26. Rfd1 Ng7 27.
Ng3 Ne8 28. e4 Nf6 29. Rd4 {Sokolov,I (2695)-Van Wely,L (2654)/Belgium 2003/
CBM 097 ext/1/2-1/2 (37)}) 15. Qh4 Bxe5 16. b4 $1 {The point, obviously the
b4-pawn is untouchable.} Qc7 17. Nxe5 Qxe5 18. b5 Qxc3 19.
bxc6 Qxc6 20. Bf3 $14 Qd6 21. Rab1 $36 Rac8 22.
Bxh5 (22. Rxb7 Nf6 23. Rxa7 Nb4 24. Bg5 (24. Bh6)) 22... gxh5 23. Rb5 {
Starting from this point White starts to lose the thread in this well-played
game, meanwhile the simple} (23. Rxb7 $16 {[%csl Ra6,Ra7] 'would leave White
with a clear advantage.'}) 23... f6 {[%cal Gg8f7] Une erreur de saisie de la
FFE et c'est f6 qui a été joué au lieu de h6} (23... h6 24. Rxb7 Rc7 25. Rxa7
Rxa7 26. Bxa7 Qd5 27. Qa4 Kg7 28. Bb6 Ra8 29. Qh4 {La suite de la base de la
FFE}) 24. Rxb7 Rc7 25. Rxa7 Rxa7 26. Bxa7 Qd5 27. Qa4 Nc7 28. Bb6 Ra8 29. Qb3
Qxb3 30. axb3 Nd5 31. Bc5 Ra2 $11 {[%cal Ga2b2,Gg8f7,Gf7e6] Le P passé n'est
pas facile а exploiter et le K Noir sera plus rapidement centralisé que celui
des Blancs.} 32. g3 Rb2 33. Rd1 e6 34. b4 h4 (34... Kf7 35. Rd4 (35. Kg2 Nxb4
36. Rd7+ Kg6) 35... Kg6 36. Kg2 Rb3 (36... Kf5 37. Kf3)) 35. Kg2 Kf7 36. gxh4
$6 {[%cal Gd5f4] La structure Blanche est maintenant en lambeaux et le P"h4"
va tomber а terme} Kg6 37. Rd4 Kf5 $44 38. Rc4 h5 $1 {[%csl Rh4] Fixe la
faiblesse "h4" tout en empéchant le pénétration Rg4} 39. Kf3 Rb1 40. Be3 Nxe3
41. fxe3 Rb3 42. Kf2 Rb1 43. Rc5+ e5 44. Rb5 Rh1 45. Kg3 Rc1 46. Rb8 Rc3 47.
Kf3 Rb3 48. b5 Rc3 49. Rh8 Rc5 50. Rb8 Rc2 51. h3 Rc3 52. Rh8 Rc7 53. Rxh5+ Kg6
54. Rh8 Rb7 55. Rg8+ Kf7 56. Rg1 Rxb5 57. h5 Rb8 58. Rf1 Ke6 59. Kg4 Rb4+ 60.
Kg3 f5 61. Rf3 f4+ 62. Kg4 Rb1 {Et gain au 66ème coup} 0-1

[Event "Match/Team URS-World 20,5-19,5"]
[Site "Belgrade"]
[Date "1970.04.04"]
[Round "4.2"]
[White "Petrosian, Tigran V"]
[Black "Fischer, Robert James"]
[Result "1/2-1/2"]
[ECO "D90"]
[WhiteElo "2650"]
[BlackElo "2720"]
[Annotator "Fischer/Petrossian"]
[PlyCount "104"]
[EventDate "1970.03.29"]
[EventType "team"]
[EventRounds "4"]
[EventCountry "YUG"]
[SourceTitle "MCL"]
[Source "ChessBase"]
[SourceDate "1999.07.01"]
[SourceVersion "1"]
[SourceVersionDate "1999.07.01"]
[SourceQuality "1"]
[WhiteTeam "Soviet Union"]
[BlackTeam "World"]
[WhiteTeamCountry "URS"]
[TimeControl "40/9000:16/5400:0"]

1. c4 g6 2. d4 Nf6 3. Nc3 d5 4. Nf3 Bg7 5. cxd5 Nxd5 6. Bd2 c5 (6... O-O $142
7. Rc1 Nxc3 (7... Nb6 8. e3 N8d7 {P e5}) 8. Bxc3 Qd5 {Fischer=:F}) 7. Rc1 $1 {F
} Nxc3 (7... cxd4 $2 8. Nxd5 {F}) 8. Bxc3 cxd4 9. Nxd4 O-O 10. e3 Qd5 $1 {
Petrosian=:P/= F} (10... a6 {Evans,L} 11. Bc4 b5 12. Qf3 $14 {F}) 11. Nb5 (11.
Qb3 Qe4 $1 {P/F}) (11. a3 Rd8 {F}) 11... Qxd1+ 12. Rxd1 Nc6 13. Bxg7 (13. Bc4
a6 (13... Bf5) 14. Bxg7 axb5 $1 15. Bxf8 bxc4 16. Bh6 Rxa2 $10 {F}) 13... Kxg7
14. Be2 Bf5 {P 15... ac8 F} 15. g4 a6 $1 {P/F} (15... Be6 $2 16. Nc7 {F}) 16.
Nc3 (16. Nc7 $2 Rac8 17. Nxa6 Be6 (17... Be4 18. f3 Bxf3 19. Bxf3 bxa6 $15 {
<->B F}) 18. Nc5 Bxa2 $13 {F}) 16... Be6 17. f4 Rfd8 18. Kf2 Nb4 19. a3 Nd5 20.
Ne4 Nf6 (20... Rac8 $2 21. Ng5 {P} Rc2 22. Nxe6+ fxe6 23. e4 {F}) 21. Nxf6 exf6
(21... Kxf6 22. g5+ Kg7 23. Bf3 Rac8 24. Bxb7 Rc2+ 25. Kg3 Rxd1 26. Rxd1 Rxb2
27. Bxa6 Rb3 $10 28. Rd3 $4 Rb6 $19 {F}) 22. Bf3 Rac8 23. Rxd8 Rxd8 24. Rd1 Rc8
$2 {F} (24... Rxd1 25. Bxd1 Kf8 {F}) 25. Rd2 (25. Bxb7 Rc2+ 26. Kg3 Rxb2 27.
Bxa6 Rb3 28. Rd3 $4 Rb6 {P}) 25... Rc7 26. h4 h6 27. Kg3 {P 28. d6, 29. b6 F}
b5 28. Rd6 Rc2 29. b4 Rc3 30. Rxa6 Bc4 $1 {F} (30... Rxe3 31. Kf2 {P 32. e2 P}
Rc3 32. Be2 {F}) 31. f5 (31. Kf2 Rc2+ 32. Ke1 Rc3 33. Kd2 $2 Rd3+ {F}) 31... g5
(31... Rxe3 32. Kf4 Re1 33. fxg6 fxg6 34. Ra7+ Kf8 35. Be4) 32. hxg5 hxg5 33.
Kf2 Rc2+ 34. Kg1 Rc1+ 35. Kg2 Rc2+ 36. Kg3 Rc3 37. Kf2 Rc2+ 38. Ke1 Rc3 39. Ra5
Rxe3+ 40. Kf2 Rd3 {adjourned} 41. Bc6 Kf8 42. Bxb5 Bxb5 43. Rxb5 Rxa3 $10 {F}
44. Rd5 Rb3 45. Rd4 Ke7 46. Ke2 Ra3 47. Kd2 Rb3 48. Kc2 Re3 $1 {F} 49. Kb2 (49.
Rd3 Re4) (49. b5 Re5 50. Rb4 Kd6 51. b6 Re8 52. b7 Kc7 {F}) 49... Ke8 50. Kc1
Re2 $1 {F} (50... Ke7 $2 51. Kc2 $1 Ke8 (51... Ra3 52. Rd3 $1 $18 {F}) 52. b5
Re5 53. b6 Rb5 54. Rd6 Ke7 55. Rc6 $18 {F}) 51. Kd1 (51. b5 Re5 52. b6 Rb5 53.
Rd6 Ke7 54. Rc6 Rb4) 51... Ra2 52. Ke1 Rb2 1/2-1/2